AoeStats
← Maxcol_I

Arena

510411833Analyzed
1v1 RM · 2d ago on Sep 30, 2026· 38m 31s· 2 players
Game mode
Random Map
Map size
Tiny (2 player)
Population
200
Speed
Normal
Resources
Standard
Victory
Conquest
Starting age
Dark Age
Ending age
Imperial Age
RankedLock teamsTeams togetherTeam positionsShared explorationLock speedFull tech treeHidden civsTurbo modeCheats
Victory
Defeat
🇺🇸 Turks · United States
722
+14
🇺🇸 Koreans · United States
672
-14
Maxcol_I
10:17 Feudal Age
14:23 Castle Age
13:00 Double-Bit Axe
14:19 Horse Collar
14:37 Fletching
17:15 Loom
21:46 Squires
21:35 Man-at-Arms
23:39 Wheelbarrow
23:53 Town Watch
24:41 Bow Saw
26:01 Hand Cart
26:35 Gold Mining
29:46 Imperial Age
28:34 Murder Holes
29:39 Bodkin Arrow
29:39 Arson
30:49 Heavy Plow
30:29 Elite Skirmisher
31:49 Conscription
32:00 Conscription
32:58 Chemistry
32:44 Bracer
32:55 Forging
34:01 Scale Barding Armor
33:58 Scale Mail Armor
35:25 Thumb Ring
37:14 Iron Casting
36:22 Crossbowman
36:54 Arbalester
Llamaliam3831
11:22 Feudal Age
17:04 Castle Age
17:03 Horse Collar
19:00 Loom
20:42 Wheelbarrow
20:47 Horse Collar
24:02 Imperial Age
22:55 Double-Bit Axe
24:40 Bow Saw
36:31 Heavy Plow
37:34 Two-Man Saw
Connection lost

Rejoining the realm…

Still unreachable

The connection could not be restored.

Session expired

The server has moved on; the page needs a fresh start.